 Dungeon Crawl Stone Soup version 0.19-a0-27-g415f530 (webtiles) character file.

182 Eucla the Ducker (level 5, -9/25 HPs)
             Began as a Spriggan Gladiator on May 1, 2016.
             Was a Believer of Zin.
             Mangled by an ogre
             ... wielding a +0 giant spiked club
              (34 damage)
             ... on level 4 of the Dungeon.
             The game lasted 00:04:36 (2821 turns).

Eucla the Ducker (Spriggan Gladiator)               Turns: 2821, Time: 00:04:36

Health: -9/25      AC:  2    Str: 12    XL:     5   Next: 34%
Magic:  6/6        EV: 22    Int:  9    God:    Zin [**....]
Gold:   168        SH:  0    Dex: 17    Spells: 0 memorised, 4 levels left

rFire  . . .     SeeInvis +     a - +0 quarterstaff
rCold  . . .     Gourm    .     b - +0 robe
rNeg   . . .     Faith    .     (shield currently unavailable)
rPois  .         Spirit   .     c - +0 hat
rElec  .         Dismiss  .     (no cloak)
rCorr  .         Reflect  .     (gloves unavailable)
SustAt .         Harm     .     (boots unavailable)
MR     .....                    (no amulet)
Stlth  ++........               (no ring)
                                (no ring)

@: very quick, not resistant to hostile enchantments, unstealthy
A: unfitting armour, see invisible, herbivore 3, speed 3, slow metabolism 2
a: Recite, Vitalisation, Donate Gold, Renounce Religion


You were on level 4 of the Dungeon.
You worshipped Zin.
Zin was pleased with you.
You were not hungry.

You visited 1 branch of the dungeon, and saw 4 of its levels.

You collected 209 gold pieces.
You donated 41 gold pieces to Zin.

Inventory:

Hand Weapons
 a - a +0 quarterstaff (weapon)
 i - a +0 hunting sling
 s - a +0 blowgun
Missiles
 d - 3 throwing nets (quivered)
 j - 183 stones
 t - 15 poisoned needles
Armour
 b - a +0 robe (worn)
 c - a +0 hat (worn)
Jewellery
 n - an uncursed amulet of the gourmand {unknown}
Scrolls
 e - 6 scrolls of identify {unknown}
 g - 2 scrolls of remove curse {unknown}
 h - a scroll of teleportation {unknown}
 k - a scroll of enchant weapon {unknown}
 m - a scroll of recharging {unknown}
 q - 2 scrolls of random uselessness {unknown}
 u - a scroll of immolation {unknown}
Potions
 l - 4 potions of curing {unknown}
 o - a potion of might {unknown}
 p - a potion of invisibility {unknown}
 r - 2 potions of ambrosia {unknown}
Comestibles
 f - 2 bread rations


   Skills:
 - Level 1.5 Fighting
 * Level 3.9 Staves
 + Level 2.0 Throwing
 + Level 6.3 Dodging


You had 4 spell levels left.
You didn't know any spells.

Dungeon Overview and Level Annotations

Branches:
Dungeon (4/15)
 Temple: D:4-7

Altars:
Dithmenos
Pakellas
Sif Muna
Yredelemnul
Zin
The Shining One


Innate Abilities, Weirdness & Mutations

You are tiny and cannot use many weapons and most armour.
You have supernaturally acute eyesight.
You are a herbivore.
You cover ground extremely quickly.
You need consume almost no food.


Message History

l - 4 yellow potions (gained 1)
u - a scroll labeled GAEKHI EH XULOSOTS No target in view!
An ogre and a skeleton come into view.
There are monsters nearby!
The ogre shouts!
There are monsters nearby!
You sock the ogre!
The ogre is moderately wounded.
The ogre barely misses you.
You hit the ogre.
The ogre is heavily wounded.
The ogre misses you.
You hit the ogre.
The ogre is heavily wounded.
You hit the ogre but do no damage.
The ogre is heavily wounded.
The ogre hits you with a giant spiked club!!
Ouch! That really hurt!
You die...

###########.#.#.#.
##.................
######...########.......
.........# #####.##
######...# #.#
.Z......## #.# .######.#
#.# #.# #.# #@# #.# #O#
#.# ..# ##.# #.# #.# #.#
#..


You could see an ogre.

Vanquished Creatures
  An orc priest (D:3)
  7 adders
  2 oozes
  2 dart slugs (D:2)
  5 giant geckos
  5 orcs (D:3)
  A giant cockroach (D:1)
  8 goblins
  7 hobgoblins
  3 jackals (D:1)
  6 kobolds
  A quokka (D:3)
  12 bats
  5 giant newts
  8 rats
73 creatures vanquished.

Notes
Turn   | Place    | Note
--------------------------------------------------------------
     0 | D:1      | Eucla the Spriggan Gladiator began the quest for the Orb.
     0 | D:1      | Reached XP level 1. HP: 10/10 MP: 2/2
   117 | D:1      | Reached XP level 2. HP: 7/14 MP: 3/3
   845 | D:1      | Reached XP level 3. HP: 12/18 MP: 4/4
  1040 | D:2      | Found a glowing silver altar of Zin.
  1098 | D:2      | Reached skill level 5 in Dodging
  1144 | D:2      | Became a worshipper of Zin the Law-Giver
  1145 | D:2      | Donated 21 gold pieces to Zin
  1296 | D:2      | Reached XP level 4. HP: 13/22 MP: 5/5
  1563 | D:2      | Reached * piety under Zin
  2055 | D:3      | Reached skill level 6 in Dodging
  2237 | D:3      | Reached XP level 5. HP: 25/25 MP: 6/6
  2366 | D:3      | Found a shadowy altar of Dithmenos.
  2368 | D:3      | Found a basalt altar of Yredelemnul.
  2369 | D:3      | Found a deep blue altar of Sif Muna.
  2369 | D:3      | Found an oddly glowing altar of Pakellas.
  2369 | D:3      | Found a glowing golden altar of the Shining One.
  2425 | D:3      | Reached ** piety under Zin
  2813 | D:4      | Noticed an ogre
  2821 | D:4      | Mangled by an ogre

Vault maps used:
D:1:      minmay_arrival_stair_chambers
D:2:      zin_treasury, minmay_misc_feat_room
D:3:      grunt_temple_overflow_open, grunt_ministairs_7
D:4:      dk_noncrumbling_3

Skill      XL: |  1  2  3  4 |
---------------+-------------+-----
Staves         | 3 |  3.9
Dodging        | 5 6 |  6.3
Fighting       | |  1.5
Throwing       | |  2.0

Action                   |  1- 3 |  4- 6 || total
-------------------------+-------+-------++-------
Melee: Quarterstaff      |    80 |   132 ||   212
Invok: Donate Gold       |     1 |       ||     1
       Recite            |       |     2 ||     2
 Stab: Sleeping          |     2 |     8 ||    10
       Confused          |       |     2 ||     2
Armor: Robe              |     7 |    13 ||    20
Dodge: Dodged            |    78 |   118 ||   196
